 Dungeon Crawl Stone Soup version 0.21.0-3-g78d12a8 (webtiles) character file.

7119 Ignatius881 the Basher (level 10, -7/92 HPs)
             Began as a Minotaur Berserker on Jan 13, 2018.
             Was a High Priest of Trog.
             Mangled by a yak (9 damage)
             ... on level 9 of the Dungeon.
             The game lasted 00:18:14 (8608 turns).

Ignatius881 the Basher (Minotaur Berserker)         Turns: 8608, Time: 00:18:14

Health: -7/92      AC: 11    Str: 23    XL:     10   Next: 85%
Magic:  0/3        EV: 16    Int:  4    God:    Trog [*****.]
Gold:   456        SH:  0    Dex: 12    Spells: 9/9 levels left

rFire    . . .     SeeInvis .   J - +1 quarterstaff (antimagic)
rCold    . . .     Gourm    .   (shield currently unavailable)
rNeg     . . .     Faith    .   t - +0 chain mail
rPois    .         Spirit   +   (helmet restricted)
rElec    .         Reflect  .   (no cloak)
rCorr    .         Harm     .   (no gloves)
MR       .....                  (no boots)
Stlth    ..........             n - amulet of guardian spirit
HPRegen  0.25/turn              y - +4 ring of evasion
MPRegen  0.08/turn              (no ring)

@: berserk cooldown, slowed, very slow
A: retaliatory headbutt, horns 2
a: Berserk, Trog's Hand, Brothers in Arms, Burn Spellbooks, Renounce Religion


You were on level 9 of the Dungeon.
You worshipped Trog.
Trog was extremely pleased with you.
You were very hungry.

You visited 2 branches of the dungeon, and saw 10 of its levels.
You also visited: Ossuary.

You collected 456 gold pieces.

Inventory:

Hand Weapons
 a - a +0 flail
   (You took it off an orc on level 3 of the Dungeon)
 h - a +0 mace of draining
   (You found it on level 1 of the Dungeon)
 s - a +0 war axe
   (You found it on level 3 of the Dungeon)
 J - a +1 antimagic quarterstaff (weapon)
   (Trog gifted it to you on level 8 of the Dungeon)
 K - a +0 flail of protection
   (You took it off an orc on level 8 of the Dungeon)
Armour
 b - a +0 animal skin
 m - a +0 ring mail
   (You found it on level 1 of the Dungeon)
 t - a +0 chain mail (worn)
   (You took it off an orc on level 3 of the Dungeon)
Jewellery
 n - an amulet of guardian spirit (around neck)
   (You found it on level 6 of the Dungeon)
 o - an uncursed ring of protection from fire {unknown}
   (You found it on level 6 of the Dungeon)
 y - a +4 ring of evasion (left hand)
   (You found it on level 6 of the Dungeon)
Wands
 d - a wand of iceblast (24)
   (You took it off Pikel on level 4 of the Dungeon)
Scrolls
 c - 5 scrolls of teleportation {@r4}
 g - 4 scrolls of enchant armour
 i - 3 scrolls of noise {unknown}
 u - 2 scrolls of amnesia {unknown}
 v - 2 scrolls of blinking {unknown}
 w - 4 scrolls of enchant weapon {unknown}
 B - a scroll of fog
 F - 2 scrolls of remove curse {@r2}
 G - a scroll of brand weapon {unknown}
 I - a scroll of identify {@r1}
Potions
 f - 2 potions of flight {unknown}
 j - 2 potions of berserk rage {unknown}
 k - 3 potions of haste {unknown}
 l - a potion of invisibility {unknown}
 p - 7 potions of curing {@q1}
 q - 2 potions of lignification {unknown}
 r - 2 potions of degeneration {unknown}
 x - 3 potions of heal wounds {unknown}
 z - 2 potions of might
 A - 3 potions of brilliance {unknown}
 C - a potion of resistance {unknown}
 D - a potion of agility {unknown}
 E - a potion of ambrosia {unknown}
Comestibles
 e - 8 rations


   Skills:
 + Level 9.7 Fighting
 - Level 4.2(9.0) Axes
 * Level 12.1(12.4) Maces & Flails
 + Level 9.3 Armour
 + Level 8.5 Dodging


You had 9 spell levels left.
You didn't know any spells.

Dungeon Overview and Level Annotations

Branches:
Dungeon (9/15)             Temple (1/1) D:4
   Lair: D:8-11         Orc: D:9-12

Altars:
Ashenzari
Cheibriados
Fedhas
Gozag
Makhleb
Nemelex Xobeh
Okawaru
Qazlal
Sif Muna
Wu Jian
Yredelemnul
Lugonu

Shops:
D:4 *   D:5 =


Innate Abilities, Weirdness & Mutations

You reflexively headbutt those who attack you in melee.
You have a pair of horns on your head.


Message History

You sock the yak! The yak gores you!
* * * LOW HITPOINT WARNING * * *
The yak gores you.
* * * LOW HITPOINT WARNING * * *
The yak gores you but does no damage.
You thump the yak! You headbutt the yak!
You kill the yak!
Trog accepts your kill. The yak completely misses you.
The yak gores you but does no damage. The yak closely misses you.
You furiously retaliate!
You headbutt the yak. The yak misses you.
You see here a yak corpse.
You feel a strong urge to attack something.
The yak closely misses you. You furiously retaliate!
You headbutt the yak! The yak closely misses you.
You barely miss the yak.
Your chain mail prevents you from hitting the yak.
Your headbutt misses the yak. The yak gores you.
* * * LOW HITPOINT WARNING * * *
The yak gores you!
* * * LOW HITPOINT WARNING * * *
You barely miss the yak. You headbutt the yak!! The yak gores you!
* * * LOW HITPOINT WARNING * * *
The yak barely misses you. You furiously retaliate!
You headbutt the yak!
You kill the yak!
Trog accepts your kill.
You are no longer berserk.
You are exhausted.
You feel yourself slow down. The yak gores you!
* * * LOW HITPOINT WARNING * * *
The yak closely misses you. You furiously retaliate!
You headbutt the yak! You closely miss the yak. The yak barely misses you.
The yak gores you but does no damage. x2
The yak gores you but does no damage. The yak closely misses you.
The yak gores you!
* * * LOW HITPOINT WARNING * * *
You see here a yak corpse.
The yak misses you.
Things that are here:
a war axe; a leather armour; an orc corpse The yak closely misses you.
Things that are here:
a dagger; a robe; an orc corpse The yak closely misses you.
The yak misses you. The yak gores you!
* * * LOW HITPOINT WARNING * * *
Found a scroll labeled KUFOAKHL QUWIC.
The yak gores you!
You die...

#.... ....
#....###########.....
#....................
###......†>............
.........†)))..........
..........†............
...........<...........
..............Y......?.
..##########..Y@.......
. #...........
#>..........
#.#########. #.# #.# #.


You could see 2 yaks.

Vanquished Creatures
  Erica (D:8)
  A two-headed ogre (D:8)
  Pikel (D:4)
  A manticore (D:8)
  A troll (D:9)
  5 yaks
  Grum (D:8)
  3 water moccasins
  2 ice beasts
  A sky beast (D:9)
  A slave (D:4)
  The ghost of negitausen the Chopper, an amateur MiBe of Trog (D:3)
  A phantom (D:6)
  3 orc warriors
  2 wolves (D:8)
  5 ogres
  A centaur (D:6)
  A crocodile (D:8)
  An elf zombie (Ossuary)
  A bullfrog (D:6)
  A gnoll sergeant (D:8)
  4 scorpions
  A howler monkey (D:6)
  3 crimson imps
  A hound (D:8)
  A quasit (D:6)
  2 centaur zombies (Ossuary)
  3 orc priests
  2 centaur skeletons
  A human zombie (Ossuary)
  8 orc wizards
  2 bullfrog skeletons
  2 iguanas (D:7)
  4 worker ants
  4 big kobold zombies (Ossuary)
  A hound skeleton (D:8)
  3 mummies (Ossuary)
  2 worker ant zombies
  4 gnolls (D:8)
  3 howler monkey skeletons
  16 adders
  2 shadow imps (D:6)
  2 oozes
  7 adder zombies (Ossuary)
  2 adder skeletons
  4 worms
  4 dart slugs (D:1)
  3 leopard geckos
  17 orcs
  3 ball pythons
  4 giant cockroaches
  A gnoll zombie (Ossuary)
  11 goblins
  9 hobgoblins
  19 jackals
  9 kobolds
  3 quokkas
  14 bats
  5 frilled lizards
  6 goblin zombies (Ossuary)
  2 hobgoblin zombies (Ossuary)
  3 jackal zombies
  2 kobold zombies (Ossuary)
  2 quokka skeletons
  3 quokka zombies (Ossuary)
  7 rats
  3 rat zombies (Ossuary)
249 creatures vanquished.

Vanquished Creatures (others)
  A worker ant (D:4)
1 creature vanquished.

Grand Total: 250 creatures vanquished

Notes
Turn   | Place    | Note
-------+----------+-------------------------------------------
     0 | D:1      | Ignatius881 the Minotaur Berserker began the quest for the Orb.
     0 | D:1      | Reached XP level 1. HP: 19/19 MP: 0/0
   166 | D:1      | Reached XP level 2. HP: 27/27 MP: 1/1
   639 | D:1      | Reached XP level 3. HP: 30/33 MP: 2/2
   711 | D:1      | Reached ** piety under Trog
  1107 | D:1      | Reached skill level 1 in Maces & Flails
  1305 | D:2      | Reached XP level 4. HP: 29/40 MP: 3/3
  1409 | D:2      | Reached skill level 2 in Maces & Flails
  1602 | D:2      | Found a snail-covered altar of Cheibriados.
  1618 | D:2      | Reached XP level 5. HP: 31/47 MP: 4/4
  1822 | D:2      | Reached *** piety under Trog
  1997 | D:3      | Found a basalt altar of Yredelemnul.
  2181 | D:3      | Noticed negitausen's ghost (amateur MiBe)
  2192 | D:3      | Killed negitausen's ghost
  2192 | D:3      | Reached skill level 3 in Maces & Flails
  2192 | D:3      | Reached XP level 6. HP: 55/55 MP: 5/5
  2453 | D:3      | Reached skill level 5 in Fighting
  3054 | D:4      | Reached skill level 4 in Maces & Flails
  3193 | D:4      | Noticed a slave
  3193 | D:4      | Noticed a slave
  3194 | D:4      | Noticed Pikel
  3199 | D:4      | Killed a slave
  3203 | D:4      | Noticed a slave
  3206 | D:4      | Noticed a slave
  3207 | D:4      | Killed Pikel
  3207 | D:4      | Reached skill level 5 in Maces & Flails
  3207 | D:4      | Reached skill level 5 in Armour
  3207 | D:4      | Reached XP level 7. HP: 62/62 MP: 6/6
  3391 | D:4      | Reached skill level 6 in Maces & Flails
  3528 | D:4      | Found a staircase to the Ecumenical Temple.
  3554 | Temple   | Entered the Ecumenical Temple
  3626 | D:4      | Found Ycsyuh's General Store.
  3659 | D:5      | Entered Level 5 of the Dungeon
  3694 | D:5      | Reached **** piety under Trog
  3694 | D:5      | Reached skill level 5 in Dodging
  3794 | D:5      | Reached XP level 8. HP: 50/70 MP: 7/7
  4032 | D:5      | Found a burning altar of Makhleb.
  4108 | D:5      | Reached skill level 7 in Maces & Flails
  4416 | D:5      | Found Wuxozu's Jewellery Boutique.
  4476 | D:5      | Found a stormy altar of Qazlal.
  4478 | D:5      | Found a shattered altar of Ashenzari.
  5095 | D:6      | Reached skill level 8 in Maces & Flails
  5303 | D:6      | Reached XP level 9. HP: 79/79 MP: 8/8
  5450 | D:6      | Reached skill level 9 in Maces & Flails
  6592 | D:8      | Noticed a manticore
  6603 | D:8      | Killed a manticore
  6603 | D:8      | Reached skill level 10 in Maces & Flails
  6811 | D:8      | Found a sand-covered staircase.
  6811 | D:8      | Noticed a two-headed ogre
  6823 | Ossuary  | Entered an ossuary
  7215 | Ossuary  | Reached ***** piety under Trog
  7419 | D:8      | Killed a two-headed ogre
  7419 | D:8      | Reached XP level 10. HP: 90/90 MP: 7/9
  7543 | D:8      | Found an opulent altar of Gozag.
  7547 | D:8      | Reached skill level 11 in Maces & Flails
  7550 | D:8      | Noticed Grum
  7560 | D:8      | Killed Grum
  7872 | D:8      | Received a gift from Trog
  8071 | D:8      | Noticed Erica
  8086 | D:8      | Killed Erica
  8590 | D:9      | Reached skill level 12 in Maces & Flails
  8607 | D:9      | HP: 2/92 [yak (7)]
  8608 | D:9      | Mangled by a yak

Skill      XL: |  1  2  3  4  5  6  7  8  9 10 |
---------------+-------------------------------+-----
Axes           | 4 |  4.2
Fighting       | 4 5 6 7 8 9 |  9.7
Armour         | 3 4 5 6 8 9 |  9.3
Maces & Flails | 1 2 3 5 6 8 10 12 | 12.1
Dodging        | 3 4 5 6 7 8 |  8.5

Action                   |  1- 3 |  4- 6 |  7- 9 | 10-12 || total
-------------------------+-------+-------+-------+-------++-------
Melee: Hand axe          |    40 |       |       |       ||    40
       Headbutt          |    12 |    27 |    85 |    18 ||   142
       Mace              |    36 |    76 |       |       ||   112
       Flail             |       |    70 |   356 |    80 ||   506
       Quarterstaff      |       |       |       |    42 ||    42
Invok: Berserk           |       |     2 |     6 |     2 ||    10
       Burn Spellbooks   |       |       |     1 |     1 ||     2
       Trog's Hand       |       |       |       |     1 ||     1
  Use: Scroll            |       |     5 |     5 |       ||    10
 Stab: Sleeping          |     1 |       |       |       ||     1
  Eat: Chunk             |     1 |     7 |    18 |     4 ||    30
       Ration            |       |       |     1 |       ||     1
Armor: Animal skin       |     6 |       |       |       ||     6
       Ring mail         |     9 |    24 |       |       ||    33
       Chain mail        |       |    40 |   164 |    51 ||   255
Dodge: Dodged            |    44 |   110 |   173 |   100 ||   427
